 Dungeon Crawl Stone Soup version 0.27-a0-1144-g0b7d3b79db (webtiles) character file.

Game seed: 3713047464603547626

4623 bande the Cleaver (level 10, -1/75 HPs)
             Began as a Gargoyle Fighter on May 10, 2021.
             Was a Priest of Okawaru.
             Slain by a boulder beetle (46 damage)
             ... on level 1 of the Lair of Beasts.
             The game lasted 00:12:57 (7771 turns).

bande the Cleaver (Gargoyle Fighter)                Turns: 7771, Time: 00:12:58

Health: -1/75      AC: 20    Str: 22    XL:     10   Next: 42%
Magic:  10/10      EV:  9    Int: 13    God:    Okawaru [***...]
Gold:   396        SH: 17    Dex: 10    Spells: 9/9 levels left

rFire    + . .     SeeInvis .   a - +1 war axe
rCold    + . .     Faith    .   y - +6 kite shield of Jihotoeb {Int+4 Stlth+}
rNeg     + . .     Spirit   .   m - +0 plate armour
rPois    ∞         Reflect  .   (no helmet)
rElec    +         Harm     .   x - scarf {rC+ rF+}
rCorr    .         Rampage  .   (no gloves)
Will     +....                  (no boots)
Stlth    ..........             b - amulet of regeneration
HPRegen  1.22/turn              n - +4 ring of evasion
MPRegen  0.12/turn              q - ring of willpower

@: no status effects
A: sickness immunity, AC +7, negative energy resistance 1, electricity
resistance, torment resistance 1, petrification resistance, talons 1, robust 2
a: Renounce Religion, Heroism


You were on level 1 of the Lair of Beasts.
You worshipped Okawaru.
Okawaru was most pleased with you.
You visited 3 branches of the dungeon, and saw 10 of its levels.

You collected 396 gold pieces.

Inventory:

Hand Weapons
 a - a +1 war axe (weapon)
Missiles
 l - a curare-tipped dart (quivered)
 D - a throwing net
Armour
 m - a +0 plate armour (worn)
 x - a scarf of resistance (worn)
 y - the +6 kite shield of Jihotoeb (worn) {Int+4 Stlth+}
   (You acquired it on level 1 of the Lair of Beasts)

   It affects your intelligence (+4).
   It makes you more stealthy.
Jewellery
 b - an amulet of regeneration (around neck)
 i - a ring of protection from cold
 n - a +4 ring of evasion (left hand)
 q - a ring of willpower (right hand)
 B - a ring of see invisible
Wands
 e - a wand of flame (53)
 j - a wand of acid (12)
Scrolls
 c - a scroll of immolation {unknown}
 g - 3 scrolls of amnesia
 o - 4 scrolls of teleportation
 p - 2 scrolls of enchant weapon
 r - 4 scrolls of identify
 t - 3 scrolls of fog
 u - a scroll of noise {unknown}
Potions
 d - a potion of lignification
 f - 3 potions of magic
 h - 4 potions of curing
 k - 3 potions of brilliance
 s - a potion of might
 z - 3 potions of heal wounds


   Skills:
 + Level 7.0 Fighting
 + Level 8.8 Axes
 + Level 6.7 Armour
 + Level 1.9 Dodging
 + Level 7.7 Shields
 * Level 4.6 Evocations


You had 9 spell levels left.
You didn't know any spells.
Your spell library contained the following spells:

 Spells                   Type           Power      Damage    Failure   Level
 Foxfire                  Conj/Fire      0%         2x1d4     100%        1
 Conjure Flame            Conj/Fire      0%         6-21      100%        3
 Inner Flame              Hex/Fire       0%         N/A       100%        3
 Sticky Flame             Conj/Fire      0%         2d3       100%        4
 Fireball                 Conj/Fire      0%         3d3       100%        5


Dungeon Overview and Level Annotations

Branches:
Dungeon (8/15)             Temple (1/1) D:6            Lair (1/6) D:8

Altars:
Ashenzari
Cheibriados
Dithmenos
Elyvilon
Fedhas
Gozag
Kikubaaqudgha
Nemelex Xobeh
Okawaru
Ru
Trog
Uskayaw
Vehumet
Wu Jian
Yredelemnul
Zin
The Shining One


Innate Abilities, Weirdness & Mutations

You are immune to sickness and miasma.
Your stone body is resilient. (AC +7)
You are immune to poison.
You resist negative energy. (rN+)
You are resistant to electric shocks. (rElec)
You are resistant to unholy torment.
You are immune to petrification.
You have sharp toenails.
You are very robust. (+20% HP)


Message History

The boulder beetle hits you!
The boulder beetle stops rolling and uncurls.
You hit the boulder beetle.
You claw the boulder beetle, but do no damage.
The boulder beetle is severely wounded.
The boulder beetle leaps! x2
You hit the boulder beetle but do no damage.
You claw the boulder beetle, but do no damage.
The boulder beetle is severely wounded.
The boulder beetle leaps!
The boulder beetle curls into a ball and begins rolling!
You block the boulder beetle's attack.
The boulder beetle stops rolling and uncurls.
You hit the boulder beetle but do no damage.
You claw the boulder beetle, but do no damage.
The boulder beetle is severely wounded.
The boulder beetle bites you!
You are too injured to fight recklessly!
You are too injured to fight recklessly!
You are too injured to fight recklessly!
You are too injured to fight recklessly!
You are too injured to fight recklessly!
You are too injured to fight recklessly!
You are too injured to fight recklessly!
You are too injured to fight recklessly!
You are too injured to fight recklessly!
You are too injured to fight recklessly!
You are too injured to fight recklessly!
Your shield and plate armour prevent you from hitting the boulder beetle.
You claw the boulder beetle, but do no damage.
The boulder beetle is severely wounded.
The boulder beetle bites you but does no damage.
You hit the boulder beetle but do no damage.
You claw the boulder beetle, but do no damage.
The boulder beetle is severely wounded.
The boulder beetle leaps!
The boulder beetle curls into a ball and begins rolling!
The boulder beetle hits you!!!
Ouch! That really hurt!
You die...

..##............##...........#...
..#......##.....#P..#........#...
..##.....##.....##..#........#...
..##.....##.....#P..#............
.##.......#..#####..#........P...
####.....##+#^####...........#...
..................#######..#).. .
...............................
.. .......@B○°............. ##
...........°............ #
...........#.#.####.##..
#.###.#+#............... #
........#.........#..
...................#..
..........#............
..........#.........#..
......P..#.........#..


You could see a boulder beetle (rolling).

Vanquished Creatures
  A hornet (D:5)
  Sigmund (D:3)
  6 yaks (Lair:1)
  A wraith (D:8)
  A basilisk (Lair:1)
  A steam dragon (D:8)
  Menkaure (D:7)
  A sky beast (D:5)
  A water moccasin (D:6)
  4 orc warriors
  5 black bears (Lair:1)
  A necrophage (D:6)
  2 ogres
  2 centaurs
  2 kobold brigands
  3 bullfrogs (Lair:1)
  3 scorpions
  Blork the orc (D:4)
  A wyvern skeleton (D:6)
  A howler monkey (D:4)
  A centaur zombie (D:8)
  A bullfrog skeleton (D:7)
  2 hounds
  2 jellies (D:6)
  3 centaur skeletons
  An orc priest (D:6)
  2 iguanas (D:5)
  2 gnoll shamans
  4 orc wizards
  A hound skeleton (D:5)
  A howler monkey zombie (D:7)
  Robin (D:4)
  11 adders
  3 gnolls (D:8)
  2 white imps
  An ufetubus (D:4)
  A worm (D:4)
  An adder skeleton (D:4)
  A dart slug (D:1)
  17 orcs
  3 endoplasms
  2 giant cockroaches
  8 goblins
  11 hobgoblins
  4 jackals (D:1)
  4 quokkas
  7 ball pythons
  9 bats
  5 frilled lizards
  19 kobolds
  7 rats
176 creatures vanquished.

Vanquished Creatures (others)
  4 fungi
  8 plants
12 creatures vanquished.

Grand Total: 188 creatures vanquished

Notes
Turn   | Place    | Note
-------+----------+-------------------------------------------
     0 | D:1      | bande the Gargoyle Fighter began the quest for the Orb.
     0 | D:1      | Reached XP level 1. HP: 14/14 MP: 1/1
   316 | D:1      | Reached XP level 2. HP: 19/19 MP: 2/2
   337 | D:1      | Reached skill level 2 in Axes
   610 | D:1      | Reached XP level 3. HP: 22/23 MP: 3/3
  1463 | D:2      | Reached XP level 4. HP: 29/29 MP: 4/4
  1603 | D:2      | Reached skill level 3 in Axes
  2266 | D:3      | Noticed Sigmund
  2302 | D:3      | Killed Sigmund
  2303 | D:3      | Reached skill level 1 in Dodging
  2303 | D:3      | Reached XP level 5. HP: 15/33 MP: 5/5
  2303 | D:3      | Reached XP level 6. HP: 17/38 MP: 6/6
  2846 | D:4      | Reached skill level 4 in Axes
  3179 | D:4      | Reached XP level 7. HP: 44/44 MP: 7/7
  3184 | D:4      | Noticed Robin
  3188 | D:4      | Killed Robin
  3610 | D:4      | Noticed Blork the orc
  3618 | D:4      | Killed Blork the orc
  3619 | D:4      | Reached skill level 5 in Armour
  3775 | D:4      | Found a radiant altar of Vehumet.
  4001 | D:5      | Entered Level 5 of the Dungeon
  4048 | D:5      | Reached skill level 5 in Axes
  4272 | D:5      | Found a sacrificial altar of Ru.
  4358 | D:5      | Reached skill level 5 in Shields
  4636 | D:5      | Found a white marble altar of Elyvilon.
  4668 | D:5      | Reached XP level 8. HP: 48/48 MP: 8/8
  4843 | D:5      | Noticed a hornet
  4862 | D:5      | Killed a hornet
  4863 | D:5      | Reached skill level 1 in Evocations
  4888 | D:5      | Identified the +0 leather armour of the Clam {rN+ Slay-2
                  | SInv}
  4918 | D:6      | Found a staircase to the Ecumenical Temple.
  4944 | Temple   | Entered the Ecumenical Temple
  4997 | Temple   | Became a worshipper of Warmaster Okawaru
  5049 | D:6      | Reached skill level 5 in Fighting
  5068 | D:6      | Found a blossoming altar of Fedhas.
  5185 | D:6      | Reached skill level 6 in Axes
  5239 | D:6      | Reached * piety under Okawaru
  5303 | D:6      | Found a snail-covered altar of Cheibriados.
  5420 | D:6      | Reached XP level 9. HP: 49/55 MP: 9/9
  5987 | D:7      | Found a broken altar of Ashenzari.
  6042 | D:7      | Reached ** piety under Okawaru
  6133 | D:7      | Noticed Menkaure
  6142 | D:7      | Killed Menkaure
  6143 | D:7      | Reached skill level 7 in Axes
  6469 | D:8      | Found a staircase to the Lair.
  6890 | D:8      | Found an ornate altar of the Wu Jian Council.
  7398 | Lair:1   | Entered Level 1 of the Lair of Beasts
  7400 | Lair:1   | Identified a scroll of acquirement
  7400 | Lair:1   | Acquired the +6 kite shield of Jihotoeb {Int+4 Stlth+}
  7428 | Lair:1   | Gained mutation: You are robust. (+10% HP) [potion of
                  | mutation]
  7428 | Lair:1   | Gained mutation: You have sharp toenails. [potion of
                  | mutation]
  7428 | Lair:1   | Gained mutation: You are very robust. (+20% HP) [potion of
                  | mutation]
  7537 | Lair:1   | Reached skill level 8 in Axes
  7537 | Lair:1   | Reached XP level 10. HP: 73/73 MP: 10/10
  7549 | Lair:1   | Reached *** piety under Okawaru
  7690 | Lair:1   | Noticed a boulder beetle
  7771 | Lair:1   | Slain by a boulder beetle

Illustrated notes

Levels and vault maps discovered:
D:1:      ebering_hopf_link, layout_rooms, serial_bayou, serial_bayou_pond_e,
          serial_bayou_crossing, serial_bayou_shore_a, serial_bayou_lake_a
D:2:      layout_basic
D:3:      layout_loops_ring, uniq_sigmund
D:4:      layout_basic, general_overflow_altar, st_stairs_11,
          kennysheep_generic_room_7, uniq_robin, uniq_blork_the_orc
D:5:      layout_loops_corners, lemuel_doored_altar,
          lemuel_coloured_pillars_altar, chequers_serial_rivers_small_b,
          bh_walls_and_bars
D:6:      layout_gridville, kennysheep_mini, overflow_temple_1_default,
          temple_pool_b
D:7:      layout_loops_ring, nicolae_ashenzari_panopticon,
          minmay_misc_feat_rugged, minivault_23, uniq_menkaure
D:8:      layout_basic, nzn_wu_jian_contemplation, dpeg_oklobed_lair
Temple:   zaba_magenta_temple
Lair:1:   layout_regular_city, beast_lair_carwin_10, uniq_urug

Skill      XL: |  1  2  3  4  5  6  7  8  9 10 |
---------------+-------------------------------+-----
Axes           | 2 3 4 5 6 8 |  8.8
Fighting       | 4 5 6 7 |  7.0
Armour         | 4 5 6 |  6.7
Dodging        | 1 |  1.9
Shields        | 4 5 7 |  7.7
Evocations     | 2 3 4 |  4.6

Action                   |  1- 3 |  4- 6 |  7- 9 | 10-12 || total
-------------------------+-------+-------+-------+-------++-------
Melee: War axe           |   124 |   139 |   420 |    89 ||   772
       Kick              |       |       |     5 |    46 ||    51
  Use: Potion            |       |     5 |     6 |       ||    11
       Scroll            |       |     4 |     5 |       ||     9
Armor: Scale mail        |    67 |   103 |    29 |       ||   199
       Plate armour      |       |       |   298 |    42 ||   340
Dodge: Dodged            |    38 |    74 |    97 |    21 ||   230
Block: Kite shield       |    65 |    97 |   280 |    77 ||   519

Table legend: (Time is in decaauts)
 A = Elapsed time spent in this place.
 B = Non-inter-level travel time spent in this place.
 C = Inter-level travel time spent in this place.
 D = Time resting spent in this place.
 E = Time spent auto-exploring this place.
 F = Levels seen in this place.
 G = Mean time per level.
                   A        B        C        D        E       F      G
               +--------+--------+--------+--------+--------+-----+--------+
         Total |   8193 |   8136 |     57 |    604 |   5581 |  10 |  819.3 |
       Dungeon |   7727 |   7670 |     57 |    589 |   5352 |   8 |  965.9 |
        Temple |     69 |     69 |      0 |      0 |     43 |   1 |   69.0 |
          Lair |    396 |    396 |      0 |     15 |    186 |   1 |  396.0 |
               +--------+--------+--------+--------+--------+-----+--------+

Top non-repeatable levels by time:
     D:1: 1256 daAuts
     D:4: 1254 daAuts
     D:3: 1110 daAuts
     D:7: 944 daAuts
     D:5: 937 daAuts
     D:8: 900 daAuts
     D:6: 678 daAuts
     D:2: 644 daAuts
  Lair:1: 396 daAuts
  Temple: 69 daAuts
